 Dungeon Crawl Stone Soup version 0.23.2-30-g0e89c35649 (webtiles) character file.

Game seed: 848116600094501894

185 Hivemind the Conjurer (level 5, -6/28 HPs)
             Began as a Tengu Conjurer on June 10, 2019.
             Killed from afar by an orc wizard (8 damage)
             ... with a magic dart
             ... on level 4 of the Dungeon.
             The game lasted 00:12:29 (3020 turns).

Hivemind the Conjurer (Tengu Conjurer)              Turns: 3020, Time: 00:12:29

Health: -6/28      AC:  3    Str:  8    XL:     5   Next: 64%
Magic:  5/12       EV: 13    Int: 16    God:
Gold:   147        SH:  0    Dex: 15    Spells: 8/12 levels left

rFire    . . .     SeeInvis .   m - +1 dagger (venom)
rCold    + . .     Gourm    .   (no shield)
rNeg     . . .     Faith    .   a - +0 robe
rPois    .         Spirit   .   (helmet restricted)
rElec    .         Reflect  .   g - +0 cloak
rCorr    .         Harm     .   (no gloves)
MR       .....                  (boots unavailable)
Stlth    ++........             (no amulet)
HPRegen  0.09/turn              i - ring of protection from cold
MPRegen  0.13/turn              (no ring)

@: very slightly contaminated, slowed, very slow
A: beak, talons 3, able to fly
a: Fly


You were on level 4 of the Dungeon.
You were not hungry.

You visited 1 branch of the dungeon, and saw 4 of its levels.

You collected 147 gold pieces.

Inventory:

Hand Weapons
 m - a +1 dagger of venom (weapon)
Armour
 a - a +0 robe (worn)
 g - a +0 cloak (worn)
Jewellery
 i - a ring of protection from cold (left hand)
Potions
 b - a potion of curing
 j - a potion of invisibility {unknown}
Comestibles
 c - 8 rations


   Skills:
 - Level 2.1 Dodging
 - Level 2.0 Stealth
 - Level 4.0 Spellcasting
 + Level 7.2 Conjurations


You had 8 spell levels left.
You knew the following spells:

 Your Spells              Type           Power        Failure   Level  Hunger
a - Magic Dart            Conj           ####         1%          1    None
b - Dazzling Spray        Conj/Hex       ##....       12%         3    ###....

Your spell library contained the following spells:

 Spells                   Type           Power        Failure   Level  Hunger
 Searing Ray              Conj           ####..       1%          2    ##.....
 Iskenderun's Mystic Bla  Conj           ####....     9%          4    ####...
 Force Lance              Conj/Tloc      ##......     36%         4    ####...
 Fulminant Prism          Conj/Hex       ##........   36%         4    ####...


Dungeon Overview and Level Annotations

Branches:
Dungeon (4/15)
 Temple: D:4-7

Altars:
Fedhas

Annotations:
D:3 Blork the orc


Innate Abilities, Weirdness & Mutations

You have a beak for a mouth.
You have claws for feet.
You can fly continuously.


Message History

The orc wizard blinks!
The orc wizard points at you and mumbles some strange words.
The magic dart hits you.
* * * LOW HITPOINT WARNING * * *
The orc wizard gestures wildly while chanting.
The orc wizard blinks!
There is an open door here.
The orc wizard casts a spell at you.
You feel yourself slow down.
You close the door.
An orc wizard opens the door.
The orc wizard casts a spell.
The orc wizard flickers and vanishes!
Deactivating autopickup; reactivate with Ctrl-A.
The orc wizard mumbles some strange words.
The orc wizard seems to speed up.
There is an open door here.
The orc wizard casts a spell at you. The magic dart hits you!
You die...

.. ##....# #..# # #....#
#..# #.o..#
#..############ ##o###
#.............< #..#
#..############ ##.##
#..# #..# #..####
##############'###.....#
#..............@....##.#
#...................##.#
##...................##.#
........................#
...#############.....####
...# #..#..# #### #.....#
#.#...# #.#...#


You could see an orc wizard and an orc.

Vanquished Creatures
  A howler monkey (D:4)
  Natasha (twice) (D:2)
  A worker ant (D:4)
  3 adders
  2 dart slugs (D:1)
  A leopard gecko (D:2)
  An orc (D:4)
  3 giant cockroaches (D:1)
  5 goblins
  6 hobgoblins
  6 jackals
  3 bats (D:1)
  5 frilled lizards
  A jackal zombie (D:4)
  4 kobolds
  2 rats (D:1)
46 creatures vanquished.

Notes
Turn   | Place    | Note
-------+----------+-------------------------------------------
     0 | D:1      | Hivemind the Tengu Conjurer began the quest for the Orb.
     0 | D:1      | Reached XP level 1. HP: 10/10 MP: 4/4
   145 | D:1      | Reached XP level 2. HP: 15/15 MP: 1/6
   709 | D:1      | Reached XP level 3. HP: 19/19 MP: 0/7
   881 | D:2      | Reached skill level 6 in Conjurations
  1074 | D:2      | Noticed Natasha
  1721 | D:2      | Learned a level 3 spell: Dazzling Spray
  1802 | D:3      | Reached XP level 4. HP: 24/24 MP: 4/10
  1851 | D:3      | Found a blossoming altar of Fedhas.
  2406 | D:4      | Gained mutation: You can fly continuously. [Tengu growth]
  2406 | D:4      | Reached XP level 5. HP: 28/28 MP: 6/12
  2473 | D:4      | Noticed Blork the orc
  2522 | D:2      | Killed Natasha
  2751 | D:2      | Noticed Natasha
  2758 | D:2      | Killed Natasha
  2758 | D:2      | Reached skill level 7 in Conjurations
  3013 | D:4      | HP: 1/28 [orc wizard/magic dart (6)]
  3020 | D:4      | Killed from afar by an orc wizard

Skill      XL: |  1  2  3  4  5 |
---------------+----------------+-----
Conjurations   | 6 7 |  7.2
Spellcasting   | 3 4 |  4.0
Dodging        | |  2.1
Stealth        | |  2.0

Action                   |  1- 3 |  4- 6 || total
-------------------------+-------+-------++-------
Melee: Unarmed           |     1 |       ||     1
       Kick              |     1 |       ||     1
       Club              |     2 |       ||     2
       Dagger            |       |     3 ||     3
 Cast: Magic Dart        |    72 |    35 ||   107
       Dazzling Spray    |       |     5 ||     5
  Use: Scroll            |       |     6 ||     6
       Potion            |       |     1 ||     1
  Eat: Chunk             |     3 |     4 ||     7
Armor: Robe              |     1 |       ||     1
Dodge: Dodged            |    10 |    11 ||    21
